 Dungeon Crawl Stone Soup version 0.26.1-11-gd32895ea62 (webtiles) character file.

Game seed: 8460734481095366055

107 tizbic2 the Stinger (level 4, -1/34 HPs)
             Began as a Ghoul Venom Mage on June 26, 2021.
             Was an Initiate of Dithmenos.
             Killed by divine providence
             ... invoked by an orc priest
              (12 damage)
             ... on level 3 of the Dungeon.
             The game lasted 00:12:56 (2604 turns).

tizbic2 the Stinger (Ghoul Venom Mage)              Turns: 2604, Time: 00:12:57

Health: -1/34      AC:  4    Str: 11    XL:     4   Next: 85%
Magic:  4/6        EV: 11    Int: 10    God:    Dithmenos [......]
Gold:   93         SH:  8    Dex: 10    Spells: 6/7 levels left

rFire    . . .     SeeInvis .   f - +3 short sword
rCold    + . .     Faith    .   c - +0 buckler
rNeg     + + +     Spirit   .   b - +0 leather armour
rPois    ∞         Reflect  +   (no helmet)
rElec    .         Harm     .   (no cloak)
rCorr    .         Rampage  .   (no gloves)
Will     .....                  i - +0 pair of boots
Stlth    +++.......             a - amulet of reflection
HPRegen  0.00/turn              g - ring of stealth
MPRegen  0.10/turn              (no ring)

@: no status effects
A: claws 1, cold resistance 1, negative energy resistance 3, inhibited
regeneration, torment resistance, unbreathing
a: Renounce Religion


You were on level 3 of the Dungeon.
You worshipped Dithmenos.
Dithmenos was noncommittal.
You visited 1 branch of the dungeon, and saw 3 of its levels.

You collected 93 gold pieces.

Inventory:

Hand Weapons
 f - a +3 short sword (weapon)
Armour
 b - a +0 leather armour (worn)
 c - a +0 buckler (worn)
 i - a +0 pair of boots (worn)
Jewellery
 a - an amulet of reflection (around neck)
 g - a ring of stealth (left claw)
Scrolls
 l - a scroll of identify
Potions
 d - a potion of brilliance {unknown}
 e - a potion of curing {unknown}
 h - a potion of attraction {unknown}
 j - a potion of lignification {unknown}
 k - a potion of resistance {unknown}


   Skills:
 + Level 0.4 Fighting
 + Level 0.4 Short Blades
 + Level 0.9 Armour
 * Level 2.3 Dodging
 - Level 2.1 Stealth
 * Level 0.6 Shields
 - Level 0.8 Unarmed Combat
 + Level 2.1 Spellcasting
 + Level 1.3 Transmutations
 * Level 3.9 Poison Magic


You had 6 spell levels left.
You knew the following spells:

 Your Spells              Type           Power        Failure   Level
a - Sting                 Tmut/Pois      24%          22%         1

Your spell library contained the following spells:

 Spells                   Type           Power        Failure   Level
 Poisonous Vapours        Pois/Air       10%          38%         2
 Ignite Poison            Fire/Tmut/Pois 4%           67%         3
 Mephitic Cloud           Conj/Pois/Air  3%           73%         3
 Olgreb's Toxic Radiance  Pois           8%           77%         4


Dungeon Overview and Level Annotations

Branches:
Dungeon (3/15)

Altars:
Dithmenos


Innate Abilities, Weirdness & Mutations

You thrive by killing the living.
You are immune to poison.
You have sharp fingernails.
Your flesh is cold resistant. (rC+)
You are immune to negative energy. (rN+++)
You do not regenerate when monsters are visible.
You are immune to unholy pain and torment.
You can survive without breathing.


Message History

Casting: Sting (safe; 22% risk of failure)
Confirm with . or Enter, or press ? or * to list all spells.
Aiming: Sting (safe; 22% risk of failure)
Press: ? - help, Shift-Dir - straight line, f/p - orc
Aim: an orc, wielding a +0 club (32% to evade)
The sting hits the orc.
The orc is poisoned.
The orc is heavily wounded.
You hit the orc.
You kill the orc!
Dithmenos accepts your kill.
An orc comes into view. It is wielding a +0 dagger.
The orc shouts!
You see here a cursed +0 club.
An orc priest comes into view. It is wielding a +0 flail.
The orc priest shouts!
The orc priest invokes the aid of Beogh against you.
Beogh smites you!
The orc priest calls down the wrath of Beogh upon you.
Beogh smites you!
You die...

...##.#......#....#....######
.... ..#......#....#.#### ...
..............#.#
...............##...#.#
.##..<......... #.....# o.#.
...#. ... #...### [...
..##.... #.### .o.. #.# #.###
##># ....##.# ...###@.#
#..#.## #.##..##
#.....####..o.#######
#......o.†...)......#
#....#####.#........#
#....###.o.#........#
#........####.......#
#.........# #.......#
#.........# #########


You could see an orc priest and an orc.

Vanquished Creatures
  5 adders
  2 oozes (D:2)
  A worm (D:3)
  A dart slug (D:3)
  2 orcs (D:3)
  A ball python (D:2)
  6 bats
  2 giant cockroaches
  5 goblins
  5 hobgoblins
  3 jackals (D:1)
  4 kobolds
  2 frilled lizards
  8 rats
47 creatures vanquished.

Vanquished Creatures (others)
  A plant (D:2)
1 creature vanquished.

Grand Total: 48 creatures vanquished

Notes
Turn   | Place    | Note
-------+----------+-------------------------------------------
     0 | D:1      | tizbic2 the Ghoul Venom Mage began the quest for the Orb.
     0 | D:1      | Reached XP level 1. HP: 14/14 MP: 2/2
   316 | D:1      | Reached XP level 2. HP: 11/20 MP: 0/4
  1061 | D:1      | Reached XP level 3. HP: 19/26 MP: 5/5
  1254 | D:2      | Reached skill level 1 in Transmutations
  1734 | D:2      | Found a shadowy altar of Dithmenos.
  1768 | D:2      | Reached XP level 4. HP: 33/33 MP: 2/6
  1795 | D:2      | Became a worshipper of Dithmenos the Shadowed
  2604 | D:3      | Killed from afar by an orc priest

Illustrated notes

Levels and vault maps discovered:
D:1:      dpeg_arrival_tiny_b, layout_basic
D:2:      layout_loops_corners, nicolae_dithmenos_shadow_blocks,
          guppyfry_early_lair_pool
D:3:      layout_rooms

Skill      XL: |  1  2  3 |
---------------+----------+-----
Spellcasting   | 2 |  2.1
Transmutations | 1 |  1.3
Dodging        | 2 |  2.3
Fighting       | |  0.4
Short Blades   | |  0.4
Armour         | |  0.9
Stealth        | |  2.1
Shields        | |  0.6
Unarmed Combat | |  0.8
Poison Magic   | |  3.9

Action                   |  1- 3 |  4- 6 || total
-------------------------+-------+-------++-------
Melee: Unarmed           |    50 |       ||    50
       Short sword       |    29 |    29 ||    58
 Cast: Sting             |    25 |    15 ||    40
  Use: Scroll            |       |     4 ||     4
 Stab: Sleeping          |     1 |       ||     1
Armor: Leather armour    |    32 |     6 ||    38
Dodge: Dodged            |    63 |    21 ||    84
Block: Other             |    24 |     4 ||    28
       Buckler           |       |     3 ||     3
       Reflection        |       |     1 ||     1
